 Dungeon Crawl Stone Soup version 0.29.1-12-g30fa7ad0bf (webtiles) character file.

Game seed: 16721194148982334543

298 Oxelix the Grave Robber (level 6, -15/32 HPs)
             Began as a Deep Elf Necromancer on Jan 4, 2023.
             Was a Follower of Vehumet.
             Demolished by an ogre
             ... wielding a +0 giant club
              (20 damage)
             ... on level 4 of the Dungeon.
             The game lasted 00:10:41 (2891 turns).

Oxelix the Grave Robber (Deep Elf Necromancer)      Turns: 2891, Time: 00:10:42

Health: -15/32     AC:  2    Str:  5    XL:     6   Next: 13%
Magic:  10/17      EV: 12    Int: 22    God:    Vehumet [*.....]
Gold:   193        SH:  0    Dex: 15    Spells: 11/17 levels left

rFire   . . .      SeeInvis .   c - +0 short sword
rCold   . . .      Faith    +   (no shield)
rNeg    . . .      Spirit   .   a - +0 robe
rPois   .          Reflect  .   (no helmet)
rElec   .          Harm     .   (no cloak)
rCorr   .          Rampage  .   (no gloves)
Will    .....                   (no boots)
Stlth   ++........              j - amulet of faith
HPRegen 0.10/turn               (no ring)
MPRegen 0.15/turn               (no ring)

@: no status effects
A: no striking features
a: Renounce Religion


You were on level 4 of the Dungeon.
You worshipped Vehumet.
Vehumet was aware of your devotion.
You visited 1 branch of the dungeon, and saw 4 of its levels.

You collected 193 gold pieces.

Inventory:

Hand Weapons
 c - a +0 short sword (weapon)
Missiles
 i - 2 boomerangs
 o - a throwing net
Armour
 a - a +0 robe (worn)
Jewellery
 j - an amulet of faith (around neck)
 u - an amulet of guardian spirit
Scrolls
 d - 2 scrolls of poison {unknown}
 e - 2 scrolls of identify {unknown}
 f - 3 scrolls of fear {unknown}
 h - 3 scrolls of magic mapping {unknown}
 p - a scroll of immolation {unknown}
 s - a scroll of torment {unknown}
Potions
 b - a potion of magic
 g - a potion of lignification {unknown}
 k - 3 potions of degeneration {unknown}
 l - 2 potions of curing {unknown}
 m - a potion of cancellation {unknown}
 n - a potion of heal wounds {unknown}
 q - a potion of haste {unknown}
 r - a potion of experience {unknown}
 t - 2 potions of mutation {unknown}


   Skills:
 - Level 2.4 Dodging
 - Level 2.4 Stealth
 + Level 6.4 Spellcasting
 + Level 7.2 Necromancy


You had 11 spell levels left.
You knew the following spells:

 Your Spells              Type           Power      Damage    Failure   Level
a - Necrotise             Necr           100%       1d9       1%          1
b - Foxfire               Conj/Fire      28%        2x1d5     9%          1
c - Animate Dead          Necr           38%        N/A       4%          4

Your spell library contained the following spells:

 Spells                   Type           Power      Damage    Failure   Level
 Magic Dart               Conj           28%        1d4       9%          1
 Vampiric Draining        Necr           38%        2d8       1%          3
 Agony                    Necr           38%        N/A       13%         5
 Conjure Flame            Conj/Fire      7%         6-21      26%         3
 Inner Flame              Hex/Fire       7%         N/A       26%         3
 Flame Wave               Conj/Fire      7%         2d5       65%         4


Dungeon Overview and Level Annotations

Branches:
Dungeon (4/15)
 Temple: D:4-7

Altars:
Vehumet

Shops:
D:3 (


Message History

You conjure some foxfire!
Your foxfire dissipates!
Casting: Foxfire (safe; 9% risk of failure)
Confirm with . or Enter, or press ? or * to list all spells.
Aiming: Necrotise (safe; 1% risk of failure)
Press: ? - help, Shift-Dir - straight line, f/p - ogre
Aim: an ogre, wielding a +0 giant club (severely wounded, chance to affect: 83%)
The ogre barely resists.
The ogre attacks as you move away! The ogre barely misses you.
Casting: Necrotise (safe; 1% risk of failure)
Confirm with . or Enter, or press ? or * to list all spells.
Aiming: Necrotise (safe; 1% risk of failure)
Press: ? - help, Shift-Dir - straight line, f/p - ogre
Aim: an ogre, wielding a +0 giant club (severely wounded, chance to affect: 83%)
The ogre barely resists.
The ogre attacks as you move away! The ogre misses you.
The ogre attacks as you move away! The ogre barely misses you.
Your reaping aura is weakening.
There is a stone staircase leading up here.
Casting: Necrotise (safe; 1% risk of failure)
Confirm with . or Enter, or press ? or * to list all spells.
Aiming: Necrotise (safe; 1% risk of failure)
Press: ? - help, Shift-Dir - straight line, f/p - ogre
Aim: an ogre, wielding a +0 giant club (severely wounded, chance to affect: 83%)
The ogre writhes in agony.
The ogre attacks as you move away! The ogre barely misses you.
Your reaping aura expires.
The ogre attacks as you move away! The ogre misses you.
Casting: Necrotise (safe; 1% risk of failure)
Confirm with . or Enter, or press ? or * to list all spells.
Aiming: Necrotise (safe; 1% risk of failure)
Press: ? - help, Shift-Dir - straight line, f/p - ogre
Aim: an ogre, wielding a +0 giant club (almost dead, chance to affect: 83%)
The ogre barely resists.
The ogre hits you with a +0 giant club!
* * * LOW HITPOINT WARNING * * *
The ogre attacks as you move away!
The ogre hits you with a +0 giant club!!
Ouch! That really hurt!
You die...

#.
#.....##.....<#
#.
#.....##.###..#
## ..)....##.#
#..#
#.#.###.##.###.##
#.#.###.##.....#
..... ..####.###
#.....##.# #.#
.......(####.#
..........@O.#
#.####.###### #.#
..# ####


You could see an ogre.

Vanquished Creatures
  Sigmund (D:2)
  8 gnolls (D:3)
  A dart slug (D:3)
  5 orcs
  7 ball pythons
  An endoplasm (D:1)
  2 giant cockroaches
  5 goblins
  3 hobgoblins
  2 jackals (D:3)
  2 quokkas
  5 bats
  4 frilled lizards
  8 kobolds
  6 rats
60 creatures vanquished.

Vanquished Creatures (collateral kills)
  An endoplasm (D:3)
  A hobgoblin (D:1)
  2 jackals (D:3)
  A bat (D:3)
  2 rats (D:2)
7 creatures vanquished.

Vanquished Creatures (others)
  A gnoll zombie (D:3)
  An orc zombie (D:4)
  54 foxfires
56 creatures vanquished.

Grand Total: 123 creatures vanquished

Notes
Turn   | Place    | Note
-------+----------+-------------------------------------------
     0 | D:1      | Oxelix the Deep Elf Necromancer began the quest for the
                  | Orb.
     0 | D:1      | Reached XP level 1. HP: 10/10 MP: 6/6
   119 | D:1      | Reached skill level 5 in Necromancy
   141 | D:1      | Reached XP level 2. HP: 15/15 MP: 3/8
   527 | D:1      | Found a faded altar of an unknown god.
   967 | D:2      | Noticed Sigmund
  1043 | D:2      | Learned a level 1 spell: Foxfire
  1068 | D:2      | Reached XP level 3. HP: 19/19 MP: 8/10
  1107 | D:2      | Killed Sigmund
  1108 | D:2      | Reached skill level 5 in Spellcasting
  1108 | D:2      | Reached skill level 6 in Necromancy
  1108 | D:2      | Reached XP level 4. HP: 12/24 MP: 2/13
  1108 | D:2      | Reached XP level 5. HP: 14/28 MP: 2/15
  1850 | D:3      | Found a radiant altar of Vehumet.
  1860 | D:3      | Became a worshipper of Vehumet
  1928 | D:3      | Learned a level 4 spell: Animate Dead
  2125 | D:3      | Reached skill level 7 in Necromancy
  2147 | D:3      | Reached XP level 6. HP: 30/32 MP: 2/17
  2287 | D:3      | Found Giediova's Weapon Shop.
  2611 | D:3      | Reached * piety under Vehumet
  2611 | D:3      | Offered knowledge of Magic Dart by Vehumet.
  2891 | D:4      | Demolished by an ogre

Illustrated notes

Levels and vault maps discovered:
D:1:      ncdulo_wetmaze, layout_loops_cross,
          shapermc_ecumenical_altar_notcrosses
D:2:      layout_rooms, uniq_sigmund
D:3:      layout_basic, mainiacjoe_overflow_catwalk, serial_shops, shop,
          dk_vineyard_2, minmay_misc_feat_square
D:4:      layout_loops_cross

Skill      XL: |  1  2  3  4  5 |
---------------+----------------+-----
Necromancy     | 5 6 7 |  7.2
Spellcasting   | 4 5 6 |  6.4
Dodging        | |  2.4
Stealth        | |  2.4

Action                   |  1- 3 |  4- 6 || total
-------------------------+-------+-------++-------
Melee: Short sword       |     1 |    19 ||    20
 Cast: Necrotise         |    42 |    44 ||    86
       Foxfire           |     3 |    29 ||    32
       Animate Dead      |       |     4 ||     4
 Stab: Distracted        |       |     1 ||     1
       Sleeping          |       |     1 ||     1
Armor: Robe              |       |     8 ||     8
Dodge: Dodged            |     5 |    38 ||    43
